Cogmind - Beta 15 @@@ ROGUE MODE // 2025.07.21 @ 18:35:06 Player: Fazzonamite Result: Destroyed by 5D-HG8(h) with Bolt Gun Performance ------------- Evolutions (0) 0 Regions Visited (3) 600 Robots Destroyed (4) 20 Value Destroyed (135) 135 Prototype IDs (6) 120 Alien Tech Used (0) 0 Bonus (782) 782 TOTAL SCORE: 1657 Bonus ------- Registered with UFD 300 Met Optimus in HQ 500 Friendly Fire -18 Cogmind --------- Core Integrity 0/250 Matter 300/300 Energy 88/100 System Corruption 1% Temperature Cool (0) Movement Core (50) Location -9/Scraptown Parts ------- > --- POWER (1) -------- (None) > --- PROPULSION (2) --- (None) > --- UTILITY (2) ------ (None) > --- WEAPON (2) ------- (None) > --- INVENTORY (5) ---- Experimental Sensor Array Improved Core Shielding Mini Grenade Launcher Dirty Datajack (20) Plasma Cutter Peak State ------------ > --- POWER ------------ Light Ion Engine > --- PROPULSION ------- Overtuned Titanium Leg Overtuned Titanium Leg > --- UTILITY ---------- Small Storage Unit Makeshift Salvage Targeting Computer > --- WEAPON ----------- Overtuned Pulse Rifle Overtuned Pulse Rifle > --- INVENTORY -------- Makeshift Microdissipator Network Structural Scanner Experimental Sensor Array Improved Core Shielding Mini Grenade Launcher Dirty Datajack Plasma Cutter DRS Beacon [Rating: 21] Favorites ----------- Power Improved Ion Engine Engine Improved Ion Engine Propulsion Wheel Leg Overtuned Titanium Leg Wheel Wheel Utility Small Storage Unit Device Structural Scanner Storage Small Storage Unit Processor Makeshift Salvage Targeting Computer Weapon Flamer Energy Gun Subdweller Laser Energy Cannon Beam Cannon Ballistic Gun Assault Rifle Special Weapon Flamer Build | -11 -10 -10 -9 ------- Run | Yrd Mat Sub Scr Slots Evolved . | . . . . Power . | . . . . Propulsion . | . . . . Utility . | . . . . Weapon . | . . . . Parts Attached 27 | 6 3 3 15 Power 4 | 1 1 . 2 Engine 4 | 1 1 . 2 Core . | . . . . Reactor . | . . . . Propulsion 7 | 2 . 1 4 Treads . | . . . . Leg 2 | . . . 2 Wheel 5 | 2 . 1 2 Hover . | . . . . Flight . | . . . . Utility 6 | 1 1 . 4 Device 4 | 1 . . 3 Storage 1 | . 1 . . Processor 1 | . . . 1 Hackware . | . . . . Protection . | . . . . Artifact . | . . . . Weapon 10 | 2 1 2 5 Energy Gun 5 | . 1 1 3 Energy Cannon 1 | . . . 1 Ballistic Gun 2 | 2 . . . Ballistic Cannon . | . . . . Launcher . | . . . . Special Weapon 2 | . . 1 1 Impact Weapon . | . . . . Slashing Weapon . | . . . . Piercing Weapon . | . . . . Special Melee Weapon . | . . . . Unidentified Prototypes . | . . . . Parts Lost 2 | . . . 2 Power 1 | . . . 1 Propulsion . | . . . . Utility . | . . . . Weapon 1 | . . . 1 Highest Loss Streak 2 | . . . 2 To Critical Strikes . | . . . . Average Backups 5 | 1 5 6 6 Power . | . 1 1 . Propulsion . | . 2 1 . Utility 1 | . 1 1 2 Weapon 1 | . . 1 1 Tool/Special . | . . . . Unused Backups 9 | . . 3 6 Power . | . . . . Propulsion 1 | . . 1 . Utility 4 | . . 1 3 Weapon 2 | . . 1 1 Tool/Special 2 | . . . 2 Average Slot Usage (%) 93 | . 90 100 92 Engine 13 | . 14 14 13 Leg 1 | . . . 2 Wheel 21 | . 28 28 19 Device 13 | . 14 14 13 Storage 12 | . 4 14 13 Energy Gun 12 | . 12 14 12 Energy Cannon 3 | . . . 5 Ballistic Gun 2 | . 15 7 . Special Weapon 8 | . . 6 10 Peak Build Rating 21 | 6 8 11 21 Average Rating 10 | 4 6 9 11 On Entrance 6 | . 6 8 11 Naked Turns 9 | . . . 9 Heaviest Build 19 | 7 14 17 19 Greatest Support 38 | 32 32 36 38 Greatest Overweight (x) 4 | . . . 4 Average Overweight (x) . | . . . . Largest Inventory Capacity 8 | 5 8 8 8 Average Capacity 7 | 5 6 8 7 Most Carried 8 | 5 8 8 8 Average Carried 7 | 1 5 7 7 Final Capacity 8 | 5 8 8 5 Final Carried 8 | 4 8 8 5 Class Distribution -------------------- 93% | Mutant 6% | Scavenger-Mutant Dominant Class ---------------- Mutant | -10/Materials Mutant | -10/Subcaves Mutant | -9/Scraptown Resources | -11 -10 -10 -9 ----------- Run | Yrd Mat Sub Scr Matter Collected 630 | 247 40 74 269 Remotely . | . . . . Salvage Created 172 | 23 . 42 107 Parts 5 | 3 . 1 1 Haulers Intercepted . | . . . . Recyclers Shooed . | . . . . Parts Field Recycled . | . . . . Retrieved Matter . | . . . . Parts Self-Destructed . | . . . . Prevented . | . . . . Kills | -11 -10 -10 -9 ------- Run | Yrd Mat Sub Scr Combat Hostiles Destroyed 3 | . . 1 2 Guns 2 | . . 1 1 Cannons 1 | . . . 1 Classes Destroyed 4 | 1 . 1 2 Tunneler 1 | 1 . . . Subdweller 1 | . . 1 . Guru 1 | . . . 1 Savage 1 | . . . 1 Best Kill Streak 1 | 1 . 1 1 Combat Bots Only 1 | . . 1 1 Max Kills in Single Turn 1 | 1 . 1 1 Gunslinging . | . . . . Exploded . | . . . . Melee . | . . . . Uniques/NPCs Destroyed . | . . . . Combat | -11 -10 -10 -9 -------- Run | Yrd Mat Sub Scr Hostile Shots Fired 66 | . . 11 55 Missed 19 | . . 4 15 Hits 47 | . . 7 40 Projectile 47 | . . 7 40 Critical Strikes 3 | . . 1 2 Damage Taken 780 | . 24 158 598 Core 251 | . 8 22 221 Absorbed by Shields . | . . . . Core Remaining (%) 100 | 100 . . . Volleys Fired 22 | 2 3 4 13 Largest 2 | 2 2 2 2 Hottest 160 | 40 60 60 160 Shots Fired 40 | 4 6 8 22 Gun 34 | 4 6 8 16 Cannon 6 | . . . 6 Launcher . | . . . . Special . | . . . . Kinetic 11 | 4 3 4 . Thermal 29 | . 3 4 22 Explosive . | . . . . Electromagnetic . | . . . . Robot Hit Streak 12 | 2 3 7 12 Robot Miss Streak 4 | 1 4 1 1 Penetration Max . | . . . . Secondary Targets . | . . . . Shots Hit Robots 30 | 2 2 7 19 Core Hits 8 | 2 1 2 3 Critical Kills . | . . . . Critical Parts Destroyed . | . . . . Critical Strikes . | . . . . Melee Attacks . | . . . . Impact . | . . . . Slashing . | . . . . Piercing . | . . . . Sneak Attacks . | . . . . Combat Hostiles . | . . . . Follow-up Attacks . | . . . . Damage Inflicted 487 | 17 22 83 365 Guns 383 | 17 22 83 261 Cannons 104 | . . . 104 Explosions . | . . . . Melee . | . . . . Ramming . | . . . . Kinetic 78 | 17 11 50 . Thermal 409 | . 11 33 365 Explosive . | . . . . Electromagnetic . | . . . . Impact . | . . . . Slashing . | . . . . Piercing . | . . . . Highest Corruption 1 | . . . 1 Average Corruption 1 | . . . 1 Corruption Purged . | . . . . Corruption Blocked . | . . . . Effects 1 | . . . 1 Data Loss (major) 1 | . . . 1 Overload Shots . | . . . . Overflow Damage 8 | . . . 8 Projectiles 8 | . . . 8 Explosions . | . . . . Melee . | . . . . Knockbacks . | . . . . Impact . | . . . . Kinetic . | . . . . Secondary . | . . . . Self-Inflicted Damage . | . . . . Shots . | . . . . Rammed . | . . . . Targets Rammed . | . . . . Kicked . | . . . . Crushed . | . . . . Highest Temperature 378 | . . . 378 Average Temperature 154 | . . . 154 Received Heat Transfer 291 | . . 36 255 Siege Activations . | . . . . Martial Activations . | . . . . Shielding Activations . | . . . . Robots Disrupted . | . . . . Combat Hostiles . | . . . . Robots Corrupted . | . . . . Combat Hostiles . | . . . . Parts Fried . | . . . . Impact Corruptions . | . . . . Robots Melted . | . . . . Combat Hostiles . | . . . . Parts Melted 4 | . . 1 3 Heat Transferred 880 | . 25 75 780 Parts Sabotaged . | . . . . Parts Stolen . | . . . . Parts Stripped . | . . . . Power Chain Reactions . | . . . . Alert | -11 -10 -10 -9 ------- Run | Yrd Mat Sub Scr Maximum Alert Level . | . . . . Low Security (%) 100 | 100 100 . . Level 1 . | . . . . Level 2 . | . . . . Level 3 . | . . . . Level 4 . | . . . . Level 5 . | . . . . High Security . | . . . . Max Security . | . . . . Peak Influence 14 | 5 14 . . Initial 3 | . 3 . . Average . | . . . . Influence Increases 19 | 5 14 . . Destroy 0b10 Robot/NC 5 | 5 . . . Successful Hack 14 | . 14 . . Influence Decreases 19 | . 15 4 . Entered New Map 5 | . 2 3 . Time Decay 14 | . 13 1 . Squads Dispatched 1 | . 1 . . Investigation . | . . . . Extermination . | . . . . Reinforcement 1 | . 1 . . Assault . | . . . . Garrison . | . . . . Intercept . | . . . . Searches Triggered . | . . . . Construction Impeded . | . . . . Haulers Reinforced . | . . . . Active Scanning Responses . | . . . . Cargo Convoy Interrupts . | . . . . Stealth | -11 -10 -10 -9 --------- Run | Yrd Mat Sub Scr Distress Signals . | . . . . Communications Jammed . | . . . . Distress Signals . | . . . . Times Spotted 17 | . 1 3 13 Peak Tracking Total 6 | . 1 2 6 Tactical Retreats 1 | . . . 1 Traps | -11 -10 -10 -9 ------- Run | Yrd Mat Sub Scr Traps Triggered 1 | . 1 . . Indirectly . | . . . . Trap Hack Attempts . | . . . . Triggered . | . . . . Disarmed . | . . . . Reprogrammed . | . . . . Reused . | . . . . Traps Extracted . | . . . . Installed . | . . . . Triggered . | . . . . Machines | -11 -10 -10 -9 ---------- Run | Yrd Mat Sub Scr Machines Disabled . | . . . . Max in Single Turn . | . . . . Machines Repaired . | . . . . Machines Dismantled . | . . . . Machines Sabotaged . | . . . . Overloaded Fab Kills . | . . . . Hacking | -11 -10 -10 -9 --------- Run | Yrd Mat Sub Scr Machines Accessed 4 | . 3 . 1 Terminals 3 | . 3 . . Fabricators . | . . . . Repair Stations . | . . . . Recycling Units . | . . . . Scanalyzers . | . . . . Garrison Access . | . . . . Total Hacks 21 | . 6 . 15 Successful 17 | . 2 . 15 Failed 4 | . 4 . . Catastrophic . | . . . . Database Lockouts . | . . . . Manual 4 | . 4 . . Terminals 6 | . 6 . . Fabricators . | . . . . Repair Stations . | . . . . Recycling Units . | . . . . Scanalyzers . | . . . . Garrison Access . | . . . . Terminal Hacks 16 | . 1 . 15 Record 15 | . . . 15 Robot Analysis 1 | . 1 . . Fabricator Hacks . | . . . . Repair Station Hacks . | . . . . Recycling Unit Hacks . | . . . . Scanalyzer . | . . . . Garrison Access Hacks . | . . . . Unauthorized Hacks 1 | . 1 . . Terminals 1 | . 1 . . Botnet 1 | . 1 . . Fabricators . | . . . . Repair Stations . | . . . . Recycling Units . | . . . . Scanalyzers . | . . . . Garrison Access . | . . . . Data Cores Recovered 1 | . 1 . . Used 1 | . 1 . . Hacking Detections 3 | . 3 . . Full Trace Events . | . . . . Feedback Events . | . . . . Feedback Blocked . | . . . . Robot Schematics Acquired . | . . . . Robots Built . | . . . . Authchips . | . . . . Time . | . . . . Total Robot Build Rating . | . . . . Part Schematics Acquired . | . . . . Parts Built . | . . . . Authchips . | . . . . Time . | . . . . Total Part Build Rating . | . . . . Parts Repaired . | . . . . Time . | . . . . Parts Recycled . | . . . . Recycled Matter . | . . . . Retrieved Matter . | . . . . Retrieved Components . | . . . . Parts Scanalyzed . | . . . . Part Schematics Acquired . | . . . . Parts Damaged . | . . . . Bothacking | -11 -10 -10 -9 ------------ Run | Yrd Mat Sub Scr Used RIF Installer . | . . . . Robots Hacked . | . . . . Non-combat . | . . . . Combat . | . . . . Robot Hacks Applied . | . . . . Relay Couplers Released . | . . . . Fabnet Peak Effective % . | . . . . Robots Rewired . | . . . . Allies Hacked . | . . . . Hacks Repelled . | . . . . Allies | -11 -10 -10 -9 -------- Run | Yrd Mat Sub Scr Total Allies . | . . . . Largest Group . | . . . . Highest-Rated Group . | . . . . Highest-Rated Ally . | . . . . Total Orders . | . . . . Ally Attacks . | . . . . Total Damage . | . . . . Kills . | . . . . Allies Corrupted . | . . . . Allies Melted 2 | . . . 2 Intel | -11 -10 -10 -9 ------- Run | Yrd Mat Sub Scr Active Infowar (turns) 1667 | 3 177 303 1184 Structural 1041 | . . . 1041 Seismic 626 | 3 177 303 143 Robot Analysis Total 1 | . 1 . . Derelict Logs Recovered 2 | . . . 2 Drone Launches . | . . . . Drone Recoveries . | . . . . Exploration | -11 -10 -10 -9 ------------- Run | Yrd Mat Sub Scr Turns Passed 1841 | 79 177 303 1282 Spaces Moved 1747 | 57 160 247 1283 Core 26 | 3 . . 23 Treads . | . . . . Legs 65 | . . . 65 Wheels 1656 | 54 160 247 1195 Hover . | . . . . Flight . | . . . . Fastest Speed 50 | 50 100 100 50 Average Speed 95 | 97 100 102 93 Slowest Speed 250 | 100 100 105 250 Overloaded Moves . | . . . . Propulsion Burnouts . | . . . . Robots Hopped . | . . . . Potential Cave-ins . | . . . . Cave-ins Triggered . | . . . . Exploration Rate (%) 34 | 5 32 20 82 Regions Visited 3 Branch Regions 2 Pre-discovered Areas 3 | . . 1 2 Known Exits Taken . | . . . . Unknown Exits Taken 3 | 1 1 1 . Scrap Searched 3 | . . . 3 Spaces Dug . | . . . . Terrain Destroyed . | . . . . Melee . | . . . . Projectile . | . . . . AOE . | . . . . Terrain Rammed . | . . . . Walls Destroyed . | . . . . Machines Disabled . | . . . . Actions | -11 -10 -10 -9 --------- Run | Yrd Mat Sub Scr Total 1886 | 76 172 291 1347 Wait 35 | 2 . 27 6 Move 1744 | 56 159 246 1283 Hop . | . . . . Pick Up 24 | 10 5 4 5 Fast Attach 12 | . 1 2 9 Attach 8 | 6 1 . 1 Detach 1 | . . . 1 Swap 8 | . 1 1 6 Drop 32 | . 2 7 23 Fire 22 | 2 3 4 13 Melee . | . . . . Ram . | . . . . Kick . | . . . . Crush . | . . . . Escape Stasis . | . . . . Rewire . | . . . . Trap . | . . . . Miscellaneous . | . . . . Route ------- -11/Scrapyard -10/Materials (discovered 2 exits: [*Min] / [*Sub]) -10/Subcaves (discovered 2 exits: [*Mat] / *Scr) -9/Scraptown (discovered 2 exits: *Fac x2) History --------- Turn | Location | Event 11 | -11/Scrapyard | Discovered new exit (range 15) 80 | -11/Scrapyard | Entered Materials 81 | -10/Materials | Met a group of wandering Federalists 128 | -10/Materials | Discovered new exit (range 11) 255 | -10/Materials | Discovered new exit (range 3) 257 | -10/Materials | Entered Subcaves 258 | -10/Subcaves | Continued accompanying wandering Federalists (5) 297 | -10/Subcaves | Shifting Twisted Machinery released Sub. Machine Gun 299 | -10/Subcaves | Shifting Twisted Machinery released Sub. Laser 311 | -10/Subcaves | Build established: Mutant 331 | -10/Subcaves | Discovered new exit (range 9) 476 | -10/Subcaves | Learned location of Zion (-6) 476 | -10/Subcaves | Met a Zionite searching for "candidates" 501 | -10/Subcaves | Wandering Federalist uncovered a shortcut to Scraptown 560 | -10/Subcaves | Entered Scraptown 833 | -9/Scraptown | Heard Great Nut preacher, LISTEN AND RECITE! 867 | -9/Scraptown | Discovered new exit (range 5) 928 | -9/Scraptown | Scanned Subdweller tech in exchange for log data 931 | -9/Scraptown | Learned location of Quarantine (-3) 932 | -9/Scraptown | Learned location of Warlord (-4) 967 | -9/Scraptown | Visited Cave Peace 999 | -9/Scraptown | Visited The Evicted 1029 | -9/Scraptown | Visited TADAMA 1219 | -9/Scraptown | Visited CPS Storage 1353 | -9/Scraptown | Visited Awakened 1380 | -9/Scraptown | Visited IN-MT5's Study 1407 | -9/Scraptown | Visited UFD Registry 1407 | -9/Scraptown | Registered with UFD as "Flashnuts" 1432 | -9/Scraptown | Visited Infowarlord's Domain 1437 | -9/Scraptown | Found Exp. Sensor Array 1479 | -9/Scraptown | Visited Junk Repository 1505 | -9/Scraptown | Visited Curators Association 1534 | -9/Scraptown | Visited Derelict Rescue Squad 1544 | -9/Scraptown | Found DRS Beacon 1573 | -9/Scraptown | Met Optimus 1573 | -9/Scraptown | Accepted into 0bPrime 1612 | -9/Scraptown | Visited Scrap Suit Storage 1654 | -9/Scraptown | Visited Observation Area 1701 | -9/Scraptown | Civil war broke out across Scraptown 1788 | -9/Scraptown | Identified exit to Factory 1835 | -9/Scraptown | Core integrity fell below 50% 1840 | -9/Scraptown | Core integrity fell below 20% 1842 | -9/Scraptown | Destroyed by 5D-HG8(h) with Bolt Gun Last Messages --------------- 01822_ Penetrated by Bolt. 01823_ Critical hit (Burn: +37). 01828_ Penetrated by Bolt. 01828_ Ovr. Pulse Rifle destroyed. 01828_ Lgt. Ion Engine destroyed. 01831_ Dropped Ovr. Titanium Leg. 01831_ Penetrated by Bolt. 01831_ Dropped Ovr. Titanium Leg. 01832_ System corrupted: Substantial component data lost. 01832_ OX-AVM(j) cannibalizes Ovr. Titanium Leg to repair Ovr. Titanium Leg. 01832_ Dropped Mak. Microdissipator Network. 01832_ Dropped Ovr. Pulse Rifle. 01833_ Dropped Sml. Storage Unit. 01833_ Penetrated by Bolt. 01836_ Acquired 30 matter. 01836_ Penetrated by Bolt. 01838_ Bolt penetrates Machine. 01842_ Penetrated by Bolt. Map ----- +----------------------------------------------------+ | ?????????????????????????????????????????????????? | | ?????????????????????????????????????????????????? | | ?????????????????????????????????????????????????? | | ?????????????????????????????????????????????????? | | ?????????????????????????????????????????????????? | | ?????????????????????????????????????????????????? | | ???????????????????????????????????????? ???????? | | ???????????????????????????????????????? ???????? | | ???????????????????????????????????????? #?????? | | ???????????????????????????????????????? ##?????? | | ??????????????????????????????????????## ##?????? | | ??????????????????????????????????????## ##?????? | | ?????????????????????????????????????"## ###??### | | ?????????????????????????????????????"## ###??### | | ???????????????????????????##"???????"## # ?? | | ??????????????????###########"?????? "## # """ | | ?????????????????############"?????? "## # """ ? | | ??????? ? ???????##[ # # #" ????? "## # "? | | ??????" "" ?????##!!# = # #" """"" "## #" "" | | ??????? "" ?????## # # #" "## #" | | ???????? ???????? #"" ## # ? | | ???????? ??????? ??????? ## #""""??? | | ????###### ########### ########### ##### ## ###?? | | ????######!########### ########### ##### ## ##### | | ????##""""%" " " "" """""" """*""""" "" "#### | | ????##" /=h%= %!@ =%! "## # | | ????##" =%!*! !![ "## | | ????##" =% j %*%!* "## | | ?#####" != * !!= g ! "## | | ?#####" % =%! g =% | | ?#"""" j "" /"" """""""""""""""""=" "## | | ##"""" % """""""""""""""""""""""""""" "## | | ##"""" [ ""###### ################"" "## # | | ##"""" =%* ""# ###########"" "#### | | ##"""" ==[ ""# X"##??????##"" "## | | "#"""" !!! "# "" "" ###????####"" "## | | "#""" & ""# "" *="" X"##########"" "## | | "#"""" ""# " !%!" ######### #"" "## | | ###### "" ""[= = | | ###### "" "" % "## | | ###### =% ""# " " ######### #"" "## | | / ""# "" "" ""##########"" "## | | ""# "" "" ###????####"" "#### | | ""# X"##??????##"" "#### | | ""# ###########"" "#### | | ""###### ################"" "##"# | | """""""""""""""""""""""""""" "## " | | """""""""""""""""""""""""""" " | | "## | | = "## | +----------------------------------------------------+ Best States ------------- Heat Dissipation 25 Energy Generation 12 Energy Capacity 265 Matter Stores 300 Matter Capacity 300 Sight Range 16 Terrain Scan Density 10 Evasion (%) 55 Salvage Targeting 4 Item Schematics ----------------- None Robot Schematics ------------------ None Fabricated ------------ Nothing Repaired ---------- Nothing Alien Tech Used ----------------- None Achievements -------------- None Challenges ------------ None Game ------ Seed MiniSeismicMatterbank Manual? 0 Play Time 00:36:16 Cumulative 194.4 hours Start 2025.07.21 @ 17:57:12 End 2025.07.21 @ 18:35:06 Sessions 1 Manual Loads 0 Difficulty Rogue Special Mode None Game No. 124 Rogue 124 Adventurer 0 Explorer 0 Win Type - Total 4 Types 3/0/1/0/0/0/0/0/0/0 Lore% 56 Gallery% 54 Achievement% 51 Wizard Run 0 Options --------- Layout 2 ASCII 0 Keyboard 0 Movement Mouse Keybinds 0 Fullscreen 1 Font 48/Smallcaps Map View 55x44 Zoom Use 0% Tactical HUD 1 Map Filters NONE Filters NONE Steam 1 RUN: c8589127-fe19-40b8-92c5-de843567f078